Map: Neon Violet Square LE

Players

liquidthermy (uThermal)

  • Race: Terran Terran
  • League: Grandmaster
  • Spawn Location: 5:00

Serral - Winner!

  • Race: Zerg Zerg
  • League: Grandmaster
  • Spawn Location: 11:00

Event: WESG Barcelona European Finals 2017

VOD

Have the link to the VOD?

Description

Time

  • Played on: Nov. 25, 2017, 9:11 a.m.
  • Length: 10:21

All games in this series

Show
View Real Time Build Order
Export as new Build Order

liquidthermy Terran 

Build Orders: Liberator Opening, Reaper Expand, Mech 

Get SALT Encoding   

  12  0:01  SCV  
  13  0:13  SCV  
  14  0:18  Supply Depot  
  14  0:25  SCV  
  15  0:40  SCV  
  15  0:41  Barracks  
  16  0:45  Refinery  
  16  0:52  SCV  
  17  1:04  SCV  
  18  1:16  SCV  
  19  1:28  Reaper, Orbital Command  
  20  1:42  Command Center  
  20  1:49  Supply Depot  
  21  1:54  SCV  
  21  2:00  Marine  
  22  2:06  SCV  
  23  2:09  Factory  
  23  2:13  Refinery  
  23  2:18  SCV  
  23  2:22  Barracks Reactor  
  24  2:30  SCV  
  25  2:42  SCV  
  26  2:53  Starport  
  26  2:54  SCV  
  26  2:56  Orbital Command  
  27  3:03  Hellion, Refinery  
  27  3:04  Barracks Tech Lab  
  27  3:05  Hellion  
  31  3:08  SCV  
  32  3:20  SCV  
  32  3:23  SCV  
  34  3:32  SCV  
  34  3:33  Fusion Core  
  35  3:36  SCV  
  36  3:41  Viking  
  36  3:44  SCV  
  36  3:45  Supply Depot  
  36  3:47  Hellion  
  36  3:48  SCV  
  42  3:54  Liberator, Hellion  
  44  3:56  SCV  
  44  4:00  SCV  
  45  4:09  SCV  
  46  4:12  SCV  
  50  4:19  Advanced Ballistics  
  50  4:22  SCV, Supply Depot  
  51  4:24  SCV  
  51  4:26  Hellion  
  54  4:41  Supply Depot  
  54  4:43  SCV  
  54  4:44  SCV, Hellion  
  58  4:46  Liberator  
  58  4:48  Hellion  
  60  4:56  Command Center  
  60  4:57  SCV x2  
  62  5:01  Supply Depot  
  65  5:07  Hellion  
  65  5:09  Hellion  
  65  5:12  SCV  
  70  5:14  Supply Depot  
  70  5:21  SCV  
  70  5:22  Armory  
  70  5:25  SCV, Armory  
  71  5:29  Hellion  
  71  5:30  Hellion  
  71  5:34  SCV  
  76  5:37  Supply Depot  
  76  5:43  SCV  
  76  5:48  Barracks Tech Lab  
  77  5:50  Factory x2, Refinery  
  77  5:51  SCV  
  77  5:53  Hellion  
  77  5:56  SCV  
  81  5:57  Starport Reactor  
  79  6:05  Hellion  
  79  6:06  SCV  
  79  6:08  SCV  
  79  6:12  Terran Vehicle Weapons Level 1  
  79  6:13  Terran Vehicle And Ship Armor Level 1  
  79  6:14  Hellion  
  81  6:20  SCV  
  82  6:26  SCV, Hellion  
  80  6:35  Hellion x5  
  80  6:36  Hellion  
  80  6:37  SCV  
  83  6:43  Thor  
  83  6:46  Refinery  
  89  6:47  Refinery  
  89  6:49  SCV  
  89  6:50  Thor, Medivac, Supply Depot  
  98  6:56  Orbital Command  
  98  6:57  SCV  
  99  7:01  SCV, Medivac  
  99  7:04  Supply Depot  
  102  7:09  SCV  
  102  7:10  Hellion  
  102  7:11  Hellion  
  102  7:13  SCV  
  108  7:21  SCV  
  109  7:23  SCV  
  109  7:24  Hellion x7  
  109  7:26  SCV  
  109  7:33  SCV  
  109  7:38  SCV  
  109  7:41  SCV  
  109  7:42  Factory  
  111  7:44  Factory  
  111  7:46  SCV  
  111  7:48  Smart Servos  
  112  7:59  Supply Depot, Hellion, Siege Tank  
  112  8:00  Command Center  
  117  8:13  Supply Depot  
  117  8:16  Hellion, Siege Tank  
  122  8:21  Hellion  
  122  8:22  SCV  
  122  8:25  SCV  
  122  8:26  SCV  
  109  8:34  SCV  
  109  8:35  Factory Tech Lab, Factory Reactor  
  109  8:37  SCV  
  109  8:38  SCV, Siege Tank  
  115  8:42  Engineering Bay  
  115  8:47  SCV  
  116  8:49  SCV  
  116  8:52  Hellion  
  116  8:53  Hellion x3  
  115  8:55  Hellion x2  
  115  8:57  SCV  
  110  9:03  Hellion, Siege Tank  
  110  9:04  Hellion  
  115  9:11  Hellion  
  115  9:14  Hellion  
  115  9:15  SCV  
  120  9:21  Hellion  
  116  9:25  SCV  
  120  9:32  Siege Tank  
  120  9:35  Command Center  
  120  9:37  Hellion  
  120  9:38  Supply Depot, Hellion  
  120  9:40  SCV  
  120  9:41  SCV  
  120  9:42  SCV  
  120  9:43  Hellion x6  
  123  9:47  Medivac  
  125  9:54  Supply Depot  
  125  9:58  Supply Depot  
  125  9:59  SCV x3  
Show
View Real Time Build Order
Export as new Build Order

Serral Zerg - Winner!

Build Orders: Pool First 

Get SALT Encoding   

  12  0:00  Drone  
  13  0:12  Overlord  
  13  0:17  Drone  
  14  0:31  Drone x2  
  14  0:34  Drone  
  17  0:45  Spawning Pool  
  17  0:49  Drone  
  17  1:09  Hatchery  
  16  1:12  Drone  
  16  1:15  Drone  
  16  1:18  Extractor  
  17  1:22  Drone  
  18  1:31  Queen  
  20  1:34  Zergling x2  
  21  1:40  Overlord  
  21  1:49  Drone  
  22  2:00  Drone  
  23  2:07  Queen  
  25  2:11  Drone  
  26  2:19  Metabolic Boost  
  26  2:21  Queen, Drone  
  29  2:25  Drone  
  30  2:32  Drone  
  31  2:46  Hatchery  
  31  2:50  Drone x2  
  31  2:54  Overlord  
  31  2:59  Drone x2  
  33  3:08  Queen  
  35  3:13  Overlord  
  35  3:14  Drone  
  35  3:18  Drone x2  
  38  3:23  Drone x2  
  40  3:28  Overlord  
  40  3:30  Zergling x4  
  42  3:36  Zergling x6  
  45  3:44  Queen  
  45  3:45  Drone  
  45  3:47  Drone  
  49  3:49  Drone  
  49  3:50  Drone  
  49  3:52  Drone  
  52  3:59  Lair  
  52  4:00  Drone  
  52  4:01  Drone  
  54  4:03  Drone  
  55  4:10  Drone x2, Baneling Nest  
  55  4:11  Extractor  
  55  4:16  Overlord  
  55  4:18  Overlord  
  55  4:20  Drone  
  56  4:26  Queen, Spore Crawler  
  56  4:29  Overlord  
  57  4:32  Zergling x2  
  57  4:34  Zergling x2  
  59  4:39  Zergling x4  
  59  4:41  Drone x3  
  59  4:44  Drone x2  
  66  4:46  Drone  
  66  4:47  Drone  
  66  4:51  Overlord  
  68  4:57  Zergling x6  
  70  5:00  Baneling x2  
  70  5:01  Baneling x3  
  70  5:02  Drone x2  
  72  5:08  Evolution Chamber  
  72  5:11  Extractor  
  72  5:12  Hydralisk Den, Drone x2  
  72  5:13  Drone  
  72  5:16  Baneling x2, Zergling x2  
  72  5:18  Drone  
  74  5:21  Drone  
  74  5:22  Drone  
  74  5:23  Drone x2  
  74  5:26  Drone  
  74  5:27  Drone  
  74  5:28  Drone  
  80  5:31  Drone  
  80  5:36  Overseer  
  80  5:40  Zerg Missile Weapons Level 1  
  80  5:43  Drone x3  
  80  5:44  Drone x3  
  80  5:45  Drone x2  
  80  5:46  Overseer  
  80  5:49  Spore Crawler  
  86  5:55  Zergling x8  
  89  6:03  Drone  
  90  6:07  Muscular Augments  
  89  6:13  Drone, Extractor  
  89  6:14  Extractor  
  89  6:17  Drone, Overlord x2, Extractor  
  89  6:18  Overlord  
  88  6:19  Zergling x2  
  88  6:24  Hatchery  
  88  6:26  Queen  
  88  6:41  Hydralisk x4  
  88  6:42  Hydralisk x2  
  88  6:44  Drone x4  
  103  6:48  Drone, Evolution Chamber  
  103  6:54  Pneumatized Carapace  
  103  6:55  Hydralisk  
  103  6:57  Overlord  
  103  6:58  Drone  
  103  6:59  Overlord  
  106  7:02  Overlord  
  106  7:05  Overlord  
  106  7:09  Overlord  
  106  7:13  Overlord  
  106  7:14  Overlord  
  106  7:19  Overlord  
  106  7:22  Drone x2  
  107  7:24  Drone  
  107  7:26  Drone x6  
  107  7:27  Drone  
  107  7:29  Baneling x4  
  115  7:34  Zerg Melee Weapons Level 1  
  115  7:37  Drone x3  
  115  7:39  Zerg Missile Weapons Level 2  
  114  7:46  Queen  
  114  7:47  Hydralisk x4  
  114  7:48  Zergling x2  
  114  7:51  Zergling x6  
  128  7:54  Centrifical Hooks  
  127  7:59  Hydralisk x2  
  127  8:00  Zergling x6  
  134  8:06  Overlord  
  134  8:07  Hydralisk x3  
  134  8:08  Zergling x2  
  141  8:18  Hydralisk x4  
  141  8:19  Zergling x6  
  152  8:26  Zergling x2  
  152  8:27  Zergling x10  
  154  8:34  Baneling x7  
  154  8:41  Hydralisk x3, Zergling x2, Infestation Pit  
  153  8:42  Zergling x12  
  153  8:44  Baneling  
  160  8:57  Overlord  
  160  8:59  Drone x3  
  161  9:03  Zergling x2  
  161  9:04  Zergling x12  
  161  9:08  Zergling x6  
  170  9:12  Hatchery  
  170  9:13  Hydralisk x2  
  172  9:18  Baneling x4  
  172  9:19  Baneling x3  
  172  9:22  Zergling x2  
  172  9:23  Zergling x4  
  175  9:29  Zergling x16  
  181  9:34  Extractor  
  181  9:37  Hydralisk  
  182  9:41  Overlord x3  
  182  9:45  Extractor  
  181  9:46  Spore Crawler  
  181  9:47  Spine Crawler  
  181  9:48  Drone x3  
  182  9:56  Hydralisk, Spine Crawler  
  180  10:01  Zergling x2  
  180  10:02  Zergling x14  
Tags
 
Add a new tag
Caveats
  • Supply blocks, unpowered buildings, or Contaminate may cause inaccurate times.
  • Supply counts are checked every 10 seconds.